[Event "Titled Tuesday Blitz January 17 Early 2023"]
[White "Xu, Yi"]
[Black "Rohith Krishna S"]
[WhiteFideId "8605564"]
[BlackFideId "46617051"]
[WhiteElo "2527"]
[BlackElo "2385"]
[Result "1-0"]
[Round "10"]
[TimeControl "180+2"]
[Date "2023.01.17"]
[WhiteClock "0:00:05"]
[BlackClock "0:00:07"]

1. e4 e5 2. Nf3 Nc6 3. Bc4 Bc5 4. O-O Nf6 5. d3 O-O 6. c3 a5 7. Nbd2 d6 8. h3 h6 9. Re1 Ba7 10. Nf1 Ne7 11. d4 Ng6 12. Bd3 c6 13. a4 Re8 14. Ng3 Qc7 15. Be3 Be6 16. Qd2 Rad8 17. Qc2 Bb8 18. Rad1 Bc8 19. c4 c5 20. d5 Qe7 21. Qd2 Bc7 22. Nh2 Kh8 23. Rf1 Nh7 24. Bc2 Qf8 25. Ng4 b6 26. Ra1 Bd7 27. Ra3 Ra8 28. Nf5 h5 29. Nh2 Ne7 30. Qe2 Bxf5 31. exf5 Nf6 32. Bg5 Neg8 33. Re1 Bd8 34. Nf1 e4 35. Ng3 Re5 36. Bf4 Qe8 37. Re3 h4 38. Bxe5 Qxe5 39. Nxe4 Qxb2 40. Nxd6 Bc7 41. Nxf7+ Kh7 42. Ng5+ Kh6 43. Ne6 Bd6 44. Bd3 Qa3 45. Qf3 Qxa4 46. Re4 Kh7 47. Rxh4+ Nh6 48. Qe3 Ra7 49. Ng5+ Kg8 50. Qe6+ Kh8 51. Rxh6+ gxh6 52. Qxf6+ 1-0


[Site "https://www.chess.com"]

[Event "Titled Tuesday Blitz January 17 Early 2023"]
[White "Ashraf, Artin"]
[Black "Demchenko, Anton"]
[WhiteFideId "22514805"]
[BlackFideId "4160258"]
[WhiteElo "2314"]
[BlackElo "2623"]
[Result "0-1"]
[Round "10"]
[TimeControl "180+2"]
[Date "2023.01.17"]
[WhiteClock "0:00:17"]
[BlackClock "0:01:26"]

1. c4 e5 2. Nc3 Nc6 3. Nf3 Nf6 4. e3 Bb4 5. Qc2 Bxc3 6. Qxc3 Qe7 7. Be2 O-O 8. O-O d6 9. d4 Bg4 10. d5 Nb8 11. h3 Bh5 12. b4 Ne4 13. Qc2 f5 14. Bb2 a5 15. a3 Na6 16. Bc3 g5 17. g4 fxg4 18. hxg4 Bg6 19. Qb3 h5 20. gxh5 Bxh5 21. Kg2 Qf6 0-1


[Site "https://www.chess.com"]

[Event "Titled Tuesday Blitz January 17 Early 2023"]
[White "Krysa, Leandro"]
[Black "Movahed, Sina"]
[WhiteFideId "116807"]
[BlackFideId "42520835"]
[WhiteElo "2541"]
[BlackElo "2340"]
[Result "0-1"]
[Round "10"]
[TimeControl "180+2"]
[Date "2023.01.17"]
[WhiteClock "0:00:23"]
[BlackClock "0:01:54"]

1. e4 c5 2. Nf3 d6 3. d4 cxd4 4. Nxd4 Nf6 5. Nc3 a6 6. Rg1 e5 7. Nb3 h5 8. h3 h4 9. f4 exf4 10. Bxf4 Be6 11. Qe2 Nc6 12. O-O-O Qc8 13. Nd5 Rb8 14. Nxf6+ gxf6 15. Bxd6 Bxd6 16. Rxd6 Ke7 17. Qd2 Qc7 18. Be2 Rhd8 19. Rxd8 Rxd8 20. Qh6 Nb4 21. Na1 Nxa2+ 22. Kb1 Qb6 23. Nb3 Qxg1+ 24. Kxa2 Qf2 25. Bd3 Rxd3 26. cxd3 Qb6 27. Qxh4 Qxb3+ 28. Kb1 Qd1# 0-1


[Site "https://www.chess.com"]

[Event "Titled Tuesday Blitz January 17 Early 2023"]
[White "Tanenbaum, Zachary"]
[Black "Bharath Subramaniyam H"]
[WhiteFideId "2060850"]
[BlackFideId "46634827"]
[WhiteElo "2261"]
[BlackElo "2517"]
[Result "1-0"]
[Round "10"]
[TimeControl "180+2"]
[Date "2023.01.17"]
[WhiteClock "0:00:05"]
[BlackClock "0:00:06"]

1. e4 c5 2. Nf3 Nf6 3. e5 Nd5 4. Nc3 Nxc3 5. dxc3 Nc6 6. Bf4 Qb6 7. b3 Qc7 8. Bd3 e6 9. O-O h6 10. Qe2 g5 11. Bg3 Be7 12. Rad1 h5 13. h3 b6 14. Rfe1 Bb7 15. Qe3 Rg8 16. Nd2 h4 17. Bh2 g4 18. Bh7 Rh8 19. Be4 gxh3 20. gxh3 Rg8+ 21. Kh1 b5 22. a4 a6 23. Qd3 Qb6 24. Rg1 O-O-O 25. c4 bxa4 26. bxa4 Nb4 27. Qf3 Nxc2 28. Rb1 Bxe4 29. Qxe4 Nb4 30. Qa8+ Kc7 31. Qf3 Qc6 32. Ne4 Qxa4 33. Qe3 Qc6 34. f3 a5 35. Rgd1 a4 36. Nd6 Bg5 37. Nb5+ Qxb5 38. Qxg5 Rxg5 39. cxb5 a3 40. Bf4 Rf5 41. Be3 a2 42. Rbc1 Rxf3 43. Bxc5 Rxh3+ 44. Kg2 Rg3+ 45. Kh2 a1=Q 46. Rxa1 Nd5 47. Ra7+ Kb8 48. b6 Nf4 49. Bd6+ Kc8 50. b7# 1-0


[Site "https://www.chess.com"]

[Event "Titled Tuesday Blitz January 17 Early 2023"]
[White "Indjic, Aleksandar"]
[Black "Costachi, Mihnea"]
[WhiteFideId "911925"]
[BlackFideId "1217518"]
[WhiteElo "2618"]
[BlackElo "2476"]
[Result "1-0"]
[Round "10"]
[TimeControl "180+2"]
[Date "2023.01.17"]
[WhiteClock "0:00:59"]
[BlackClock "0:00:06"]

1. e4 e5 2. Nf3 Nc6 3. Bb5 a6 4. Ba4 d6 5. O-O Bd7 6. c3 g6 7. d4 Bg7 8. dxe5 Nxe5 9. Nxe5 dxe5 10. Be3 Nf6 11. f3 O-O 12. Nd2 Bxa4 13. Qxa4 Qd3 14. Rfe1 Rfd8 15. Rad1 Qb5 16. Qb3 Ne8 17. Nc4 Qxb3 18. axb3 f6 19. Na5 Rxd1 20. Rxd1 b6 21. Nc6 Nd6 22. Bxb6 Nxe4 23. Bxc7 Nc5 24. b4 Ne6 25. Bb8 Bf8 26. Kf1 h5 27. Rd5 g5 28. Ra5 Kf7 29. b5 Nc5 30. b4 Nd7 31. Rxa6 Rxb8 32. Nxb8 Nxb8 33. Ra8 Nd7 34. Ke2 Ke6 35. Kd3 f5 36. Ra6+ Kf7 37. Rc6 e4+ 38. fxe4 Ne5+ 39. Kd4 Nxc6+ 40. bxc6 Ke6 41. exf5+ Kd6 42. b5 Bg7+ 43. Kc4 g4 44. h3 gxh3 45. gxh3 h4 46. Kd3 Be5 47. c4 Bf6 48. c5+ Kc7 49. Ke4 Be7 50. Kd5 Bf8 51. b6+ Kc8 52. f6 Kd8 53. f7 Kc8 54. Kc4 Be7 55. Kb5 Bf8 56. c7 Kb7 57. c6+ Kc8 58. Kc4 Be7 59. Kd5 Bf8 60. Ke4 Bd6 61. Kf5 Bf8 62. Kg5 Be7+ 63. Kh5 Bc5 64. Kxh4 Be7+ 65. Kg4 Bf8 66. h4 Be7 67. h5 Bf8 68. Kf5 Bg7 69. Kg6 Bf8 70. Kh7 Bh6 71. b7+ Kxc7 72. Kxh6 Kxc6 73. b8=Q 1-0


[Site "https://www.chess.com"]

[Event "Titled Tuesday Blitz January 17 Early 2023"]
[White "Wagner, Dennis"]
[Black "Moroni, Luca Jr"]
[WhiteFideId "24650684"]
[BlackFideId "865834"]
[WhiteElo "2595"]
[BlackElo "2535"]
[Result "1-0"]
[Round "10"]
[TimeControl "180+2"]
[Date "2023.01.17"]
[WhiteClock "0:00:07"]
[BlackClock "0:00:10"]

1. d4 g6 2. c4 Bg7 3. e4 d6 4. Nc3 c5 5. d5 Bxc3+ 6. bxc3 e5 7. f4 Qh4+ 8. g3 Qe7 9. fxe5 Qxe5 10. Nf3 Qe7 11. Be2 Bg4 12. Rb1 Qxe4 13. Rxb7 Bxf3 14. O-O Nd7 15. Bxf3 Qxc4 16. Be2 Qxc3 17. Bb5 Nf6 18. Qe2+ Kd8 19. Bb2 Qa5 20. Bxf6+ Nxf6 21. Qe7+ Kc8 22. Rxf6 Qd8 23. Ba6 Qxe7 24. Rxe7+ Kd8 25. Rfxf7 Rb8 26. Rd7+ Ke8 27. Rfe7+ Kf8 28. Rf7+ Ke8 29. Kg2 h5 30. Kh3 g5 31. Bd3 Rb2 32. Bg6 Rb8 33. Rde7+ Kd8 34. Rxa7 h4 35. Kg4 hxg3 36. hxg3 Rb4+ 37. Kxg5 Rb8 38. Rfd7+ Kc8 39. Rac7# 1-0


[Site "https://www.chess.com"]

[Event "Titled Tuesday Blitz January 17 Early 2023"]
[White "Baskakov, Egor"]
[Black "Hambleton, Aman"]
[WhiteFideId "24197866"]
[BlackFideId "2606577"]
[WhiteElo "2215"]
[BlackElo "2420"]
[Result "1-0"]
[Round "10"]
[TimeControl "180+2"]
[Date "2023.01.17"]
[WhiteClock "0:00:13"]
[BlackClock "0:00:01"]

1. e4 e6 2. Nc3 d5 3. g3 Nf6 4. Bg2 Nxe4 5. Nxe4 dxe4 6. Bxe4 Nd7 7. d4 Nf6 8. Bg2 c5 9. Ne2 cxd4 10. Qxd4 Qxd4 11. Nxd4 a6 12. O-O Bd6 13. Rd1 Bc7 14. c4 O-O 15. Bg5 Rb8 16. Nb3 h6 17. Be3 b6 18. Nd4 Bd7 19. Nc6 Bxc6 20. Bxc6 Ng4 21. Bd4 Be5 22. h3 Bxd4 23. Rxd4 Nf6 24. Rad1 Rfc8 25. Rd6 a5 26. b3 Kf8 27. Bf3 Ke7 28. Kf1 Rc7 29. R6d2 Rbc8 30. Bg2 Rd7 31. Rxd7+ Nxd7 32. f4 g5 33. Kf2 gxf4 34. gxf4 Rc5 35. Bf3 Nf6 36. Ke3 Ne8 37. Be4 Nd6 38. Bd3 Rh5 39. Rh1 f6 40. a3 e5 41. fxe5 fxe5 42. b4 axb4 43. axb4 e4 44. Be2 Rg5 45. c5 bxc5 46. b5 Rg3+ 47. Kf4 Rb3 48. Ke5 Nxb5 49. Bc4 Rb4 50. Bd5 Nc7 51. Bxe4 Rb5 52. Rg1 c4+ 53. Kd4 Ne6+ 54. Kxc4 Rh5 55. Rg3 1-0


[Site "https://www.chess.com"]

[Event "Titled Tuesday Blitz January 17 Early 2023"]
[White "Tan, Zhongyi"]
[Black "Seo, Jung Min"]
[WhiteFideId "8603642"]
[BlackFideId "1734687"]
[WhiteElo "2517"]
[BlackElo "2494"]
[Result "0-1"]
[Round "10"]
[TimeControl "180+2"]
[Date "2023.01.17"]
[WhiteClock "0:00:03"]
[BlackClock "0:00:40"]

1. d4 Nf6 2. c4 e6 3. g3 c5 4. d5 exd5 5. cxd5 d6 6. Nc3 g6 7. Bg2 Bg7 8. Nf3 O-O 9. O-O Re8 10. Re1 Nbd7 11. Bf4 Nb6 12. e4 Bg4 13. Qc2 Bxf3 14. Bxf3 Nc4 15. Bg2 a6 16. Rad1 b5 17. b3 Ne5 18. Bxe5 Rxe5 19. f4 Re8 20. e5 Ng4 21. h3 Nh6 22. e6 Nf5 23. Ne4 Nd4 24. Qd3 fxe6 25. dxe6 Rxe6 26. Ng5 Rxe1+ 27. Rxe1 d5 28. Ne6 Nxe6 29. Qxd5 Bd4+ 30. Kh2 Qxd5 31. Bxd5 Rd8 32. Bxe6+ Kf8 33. Re2 Bf6 34. g4 Rd4 35. f5 c4 36. bxc4 bxc4 37. fxg6 hxg6 38. Kg2 c3 39. Bb3 a5 40. Bc2 Kg7 41. Kf3 Rb4 42. Ke3 Rb2 43. Bb3 Rb1 44. Kf3 Rf1+ 45. Kg2 Rf4 46. a4 Rb4 47. Bc2 Rb2 48. Kf3 Kh6 49. Kg2 Kg5 50. Kf3 Bg7 51. h4+ Kxh4 52. Bxg6 Rb4 53. Bc2 Kg5 54. Rh2 Rf4+ 55. Ke3 Rxg4 56. Rh7 Kf6 57. Kd3 Ke7 58. Rh3 Rd4+ 59. Ke2 Rd2+ 60. Ke3 Rxc2 61. Kd3 Rd2+ 62. Kc4 c2 0-1


[Site "https://www.chess.com"]

[Event "Titled Tuesday Blitz January 17 Early 2023"]
[White "Harsh Suresh"]
[Black "Agasarov, Benik"]
[WhiteFideId "45018464"]
[BlackFideId "13314823"]
[WhiteElo "2298"]
[BlackElo "2235"]
[Result "1-0"]
[Round "10"]
[TimeControl "180+2"]
[Date "2023.01.17"]
[WhiteClock "0:00:14"]
[BlackClock "0:00:02"]

1. e4 e5 2. Nf3 Nc6 3. Bb5 Nf6 4. O-O Nxe4 5. Re1 Nd6 6. Nxe5 Be7 7. Bf1 Nxe5 8. Rxe5 O-O 9. d4 Bf6 10. Re1 Re8 11. c3 Rxe1 12. Qxe1 Ne8 13. Bf4 d5 14. Nd2 Nd6 15. g3 Bf5 16. Bg2 c6 17. h4 Qd7 18. Nf3 Nc4 19. b3 Re8 20. Qc1 Nd6 21. Ne5 Qd8 22. Qa3 Nb5 23. Qb2 Be7 24. Re1 f6 25. Nf3 Ba3 26. Qd2 Rxe1+ 27. Qxe1 Qe7 28. Qd2 Nd6 29. h5 Ne4 30. Qe3 Kf7 31. Nh4 Bd7 32. c4 g5 33. hxg6+ hxg6 34. Bb8 g5 35. Nf3 a6 36. cxd5 cxd5 37. Nd2 Bc6 38. Nxe4 dxe4 39. Bf1 b5 40. g4 Bd6 41. Bxd6 Qxd6 42. Bg2 Qe6 43. Qh3 Kg7 44. Qc3 Bd5 45. Qc7+ Kg6 46. Qd8 Bc6 47. Qb6 Qd7 48. Qxa6 Qxd4 49. Qxc6 Qa1+ 50. Bf1 Qe5 51. Qxb5 Qd4 52. Qf5+ Kg7 53. Qe6 Kh6 54. a4 e3 55. fxe3 Qb2 56. a5 Kg7 57. a6 Qa3 58. Qd7+ Kh6 59. a7 1-0


[Site "https://www.chess.com"]

[Event "Titled Tuesday Blitz January 17 Early 2023"]
[White "Ozen, Bahadir"]
[Black "Papasimakopoulos, Alexandros"]
[WhiteFideId "6337058"]
[BlackFideId "4244125"]
[WhiteElo "2369"]
[BlackElo "2401"]
[Result "1-0"]
[Round "10"]
[TimeControl "180+2"]
[Date "2023.01.17"]
[WhiteClock "0:00:12"]
[BlackClock "0:00:08"]

1. g3 d5 2. Nf3 c6 3. Bg2 Nf6 4. O-O Bf5 5. d3 e6 6. Nh4 Bg4 7. h3 Bh5 8. Qe1 Be7 9. f4 Nfd7 10. e4 dxe4 11. dxe4 f6 12. Be3 O-O 13. Nd2 Bc5 14. Kh2 Qe7 15. Nb3 Bxe3 16. Qxe3 Na6 17. Rae1 Nac5 18. Na5 Nb6 19. b4 Na6 20. a3 c5 21. c3 cxb4 22. cxb4 Rad8 23. e5 Nd5 24. Qxa7 b6 25. Qxa6 bxa5 26. exf6 Nxf6 27. Qxa5 Rd2 28. Qe5 Qb7 29. Kh1 Rxg2 30. Nxg2 Bf3 31. Qxe6+ Kh8 32. Qa2 Bd5 33. Qd2 h6 34. Kh2 Qf7 35. Re5 Ra8 36. Ra1 Qb7 37. Nh4 Be4 38. a4 Rc8 39. Rc1 Rxc1 40. Qxc1 Qxb4 41. Qf1 Qxa4 42. Ng2 Qa3 43. Qf2 Qd3 44. g4 Nd5 45. Re8+ Kh7 46. g5 h5 47. Nh4 Bf5 48. Nxf5 Qxf5 49. Re5 Qxf4+ 50. Qxf4 Nxf4 51. Kg3 Nd3 52. Rd5 Nb4 53. Rd6 Nc2 54. g6+ Kh6 55. Kf4 Ne1 56. Rd1 Ng2+ 57. Kg3 Ne3 58. Rd8 Nf5+ 59. Kg2 Kxg6 60. Ra8 Ne3+ 61. Kh2 Nd5 62. Kg3 Kh6 63. Ra6+ g6 64. Ra5 Nb4 65. Ra3 Nc2 66. Rd3 Nb4 67. Rd4 Nc6 68. Rd7 Ne5 69. Ra7 Nc4 70. Rb7 Ne3 71. Ra7 Nf5+ 72. Kh2 Kg5 73. Kg2 Kh6 74. Kf3 Kg5 75. Ra6 Kh6 76. Kf4 Nd4 77. Ke5 Ne2 78. Ra8 Kg5 79. Ra2 Nf4 80. h4+ Kg4 81. Ra4 Kxh4 82. Kxf4 Kh3 83. Kg5 Kg3 84. Ra3+ Kg2 85. Rb3 Kf2 86. Rc3 Kg2 87. Rc6 Kg3 88. Rc3+ Kg2 89. Kf4 h4 90. Kg4 g5 91. Rc2+ Kg1 92. Kh3 Kf1 93. Rg2 Ke1 94. Rg4 Kf2 95. Rxg5 Kf3 96. Kxh4 Kf2 97. Kh5 Kf1 98. Kg6 Kf2 99. Kf5 Kf3 100. Rg4 Kf2 101. Ke4 Kf1 102. Ke3 Ke1 103. Rg1# 1-0


[Site "https://www.chess.com"]

[Event "Titled Tuesday Blitz January 17 Early 2023"]
[White "Samunenkov, Ihor"]
[Black "Arabidze, Meri"]
[WhiteFideId "14187086"]
[BlackFideId "13604040"]
[WhiteElo "2501"]
[BlackElo "2441"]
[Result "1-0"]
[Round "10"]
[TimeControl "180+2"]
[Date "2023.01.17"]
[WhiteClock "0:00:06"]
[BlackClock "0:00:10"]

1. d4 f5 2. Bg5 Nf6 3. Bxf6 exf6 4. c4 d5 5. e3 Nc6 6. Nc3 Bb4 7. cxd5 Qxd5 8. Ne2 O-O 9. Nf4 Qf7 10. Bd3 g6 11. O-O Bd6 12. Nce2 g5 13. Nh3 f4 14. Nc3 f3 15. Qb3 Be6 16. d5 Bxh3 17. gxh3 Ne7 18. Qc2 Qh5 19. Bf5 Kh8 20. Kh1 Ng6 21. Qe4 Nh4 22. Qg4 Qe8 23. Ne4 Qe5 24. Ng3 Qe7 25. Rac1 Rae8 26. Rc4 Be5 27. b3 Qg7 28. Rcc1 Re7 29. Nh5 Qh6 30. Ng3 Rfe8 31. Rg1 Qf8 32. Rcd1 h5 33. Qxh5+ Kg8 34. Qg4 Rg7 35. Nh5 Rge7 36. Qxh4 Qh6 37. Qg4 Kf8 38. Qxf3 Rh7 39. Bxh7 Qxh7 40. Nxf6 Qf7 41. Nd7+ Ke7 42. Qxf7+ Kxf7 43. Nxe5+ Rxe5 44. Rc1 Rxd5 45. Rxc7+ Kf6 46. Rxb7 Rd2 47. Rxa7 Rxf2 48. Ra5 1-0


[Site "https://www.chess.com"]

[Event "Titled Tuesday Blitz January 17 Early 2023"]
[White "Urazayev, Arystanbek"]
[Black "Volkov, Maksim"]
[WhiteFideId "13709810"]
[BlackFideId "54123070"]
[WhiteElo "2460"]
[BlackElo "2258"]
[Result "1-0"]
[Round "10"]
[TimeControl "180+2"]
[Date "2023.01.17"]
[WhiteClock "0:01:01"]
[BlackClock "0:00:08"]

1. d4 d5 2. c4 e6 3. Nf3 Nf6 4. Nc3 c6 5. e3 Nbd7 6. Qc2 Bd6 7. b3 O-O 8. Be2 b6 9. Bb2 Bb7 10. O-O Rc8 11. Rfe1 c5 12. dxc5 Nxc5 13. Rad1 Qe7 14. cxd5 Nxd5 15. Nxd5 Bxd5 16. Qc3 f6 17. Qd4 Bxf3 18. Bxf3 Be5 19. Qd2 Rfd8 20. Qe2 Bxb2 21. Qxb2 Nd3 22. Rxd3 Rxd3 23. g3 Qc5 24. Qb1 Rd6 25. Qe4 g6 26. h4 Kf7 27. Kg2 Qc3 28. Re2 f5 29. Qb7+ Qc7 30. Qa6 e5 31. e4 f4 32. gxf4 Rf6 33. f5 gxf5 34. exf5 Rg8+ 35. Kf1 Kf8 36. Qa3+ Qe7 37. Qc1 Qd6 38. Rd2 Qe7 39. Bd5 Rg4 40. Be6 Rd4 41. Qc8+ Kg7 42. Qg8+ Kh6 43. Qg5# 1-0


[Site "https://www.chess.com"]

[Event "Titled Tuesday Blitz January 17 Early 2023"]
[White "Szpar, Milosz"]
[Black "Pakleza, Zbigniew"]
[WhiteFideId "1184989"]
[BlackFideId "1119290"]
[WhiteElo "2447"]
[BlackElo "2494"]
[Result "1/2-1/2"]
[Round "10"]
[TimeControl "180+2"]
[Date "2023.01.17"]
[WhiteClock "0:00:05"]
[BlackClock "0:00:06"]

1. e4 d6 2. d4 Nf6 3. Bd3 e5 4. c3 d5 5. dxe5 dxe4 6. Bb5+ c6 7. Qxd8+ Kxd8 8. exf6 cxb5 9. fxg7 Bxg7 10. Bg5+ Kc7 11. Bf4+ Kb6 12. Nd2 Bf5 13. Ne2 Bg6 14. h4 h5 15. Be3+ Kc7 16. Nf4 Re8 17. Nf1 Nd7 18. Ng3 Ne5 19. Ngxh5 Bxh5 20. Nxh5 Nd3+ 21. Ke2 Be5 22. g4 Nxb2 23. Ng3 Bh8 24. Rac1 Nc4 25. h5 a5 26. h6 Re6 27. Bf4+ Kb6 28. Rh5 Rg8 29. Rb1 Rxg4 30. Rbxb5+ Ka6 31. Bc7 b6 32. Rbf5 e3 33. f3 Rgg6 34. Bf4 Bxc3 35. h7 Re8 36. Rxf7 Rd8 37. Ne4 Rg2+ 38. Kf1 Rc2 39. Nxc3 Rxc3 40. Rd5 Rh8 41. Ke2 Rc2+ 42. Kd3 Rxa2 43. Kxc4 e2 44. Re5 Ra4+ 45. Kd3 Ra3+ 46. Kxe2 Ra2+ 47. Kf1 Ra1+ 48. Kf2 Rh1 49. Ree7 a4 50. Be5 Rc8 51. h8=Q Rhxh8 52. Bxh8 Rxh8 53. Rf5 Rc8 54. Re4 b5 55. Rf6+ Ka5 56. Rf7 Ra8 57. f4 a3 58. Rb7 a2 59. Re1 Kb4 60. f5 Kc4 61. f6 a1=Q 62. Rxa1 Rxa1 63. f7 Ra8 64. Kf3 b4 65. Kf4 b3 66. Ke5 Kc3 67. Kf6 Rf8 68. Ke7 Rxf7+ 69. Kxf7 b2 70. Ke6 Kc2 71. Kd5 b1=Q 72. Rxb1 Kxb1 1/2-1/2


[Site "https://www.chess.com"]

[Event "Titled Tuesday Blitz January 17 Early 2023"]
[White "Harsha Bharathakoti"]
[Black "Subelj, Jan"]
[WhiteFideId "5078776"]
[BlackFideId "14618583"]
[WhiteElo "2602"]
[BlackElo "2513"]
[Result "1-0"]
[Round "10"]
[TimeControl "180+2"]
[Date "2023.01.17"]
[WhiteClock "0:00:07"]
[BlackClock "0:00:01"]

1. e4 b6 2. d4 Bb7 3. Bd3 e6 4. Nf3 c5 5. c3 Nf6 6. Qe2 cxd4 7. cxd4 d5 8. Be3 dxe4 9. Bb5+ Nbd7 10. Ne5 a6 11. Nxd7 Nxd7 12. Ba4 Bb4+ 13. Nc3 O-O 14. O-O Rc8 15. Rac1 Nf6 16. Rfd1 h6 17. Bb3 b5 18. h3 Qd7 19. d5 exd5 20. Bd4 Bxc3 21. Rxc3 Rxc3 22. Bxc3 Qf5 23. Qe3 Qg5 24. Qb6 Ba8 25. Qxa6 e3 26. Bxf6 gxf6 27. Qxb5 Kh8 28. Qc5 Rg8 29. g3 exf2+ 30. Qxf2 Qxg3+ 31. Qxg3 Rxg3+ 32. Kh2 Re3 33. Rd2 Kg7 34. Bd1 Bb7 35. b4 Bc8 36. b5 Rxh3+ 37. Kg2 Ra3 38. Bb3 Be6 39. Rd4 Kf8 40. b6 Ra8 41. a4 Ke7 42. Rb4 Kd6 43. b7 Rb8 44. a5 Kc5 45. a6 Kxb4 46. a7 Rxb7 47. a8=Q Rb5 48. Bd1 Kc5 49. Qf8+ Kd4 50. Qxh6 Rb2+ 51. Kf1 Rb1 52. Qxf6+ Kc5 53. Qc3+ Kd6 54. Qg3+ Ke7 55. Ke2 d4 56. Qh4+ Kf8 57. Qxd4 Rb8 58. Qh8+ Ke7 59. Qxb8 1-0


[Site "https://www.chess.com"]

[Event "Titled Tuesday Blitz January 17 Early 2023"]
[White "Riehle, Marco"]
[Black "Aravindh, Chithambaram VR."]
[WhiteFideId "12904392"]
[BlackFideId "5072786"]
[WhiteElo "2368"]
[BlackElo "2633"]
[Result "0-1"]
[Round "10"]
[TimeControl "180+2"]
[Date "2023.01.17"]
[WhiteClock "0:01:32"]
[BlackClock "0:01:12"]

1. e4 d6 2. d4 Nf6 3. f3 g6 4. c4 Bg7 5. Nc3 O-O 6. Be3 e5 7. d5 Nh5 8. g4 Nf4 9. Nge2 f5 10. gxf5 gxf5 11. Qd2 fxe4 12. Nxe4 Bh6 13. Rg1+ Kh8 14. O-O-O Nd7 15. Bh3 Qh4 16. Be6 Nb6 17. Rg4 Qxg4 18. fxg4 Nxc4 19. Bxf4 Bxf4 20. Nxf4 Nxd2 21. Rxd2 Rxf4 22. Ng5 h6 23. Nh3 Rf3 24. g5 Bxe6 0-1


[Site "https://www.chess.com"]

[Event "Titled Tuesday Blitz January 17 Early 2023"]
[White "Kopczynski, Michal"]
[Black "Galchenko, Matvey"]
[WhiteFideId "1124200"]
[BlackFideId "24175480"]
[WhiteElo "2225"]
[BlackElo "2438"]
[Result "1-0"]
[Round "10"]
[TimeControl "180+2"]
[Date "2023.01.17"]
[WhiteClock "0:00:35"]
[BlackClock "0:00:04"]

1. e4 e6 2. d4 d5 3. Nc3 Bb4 4. e5 Ne7 5. f4 c5 6. dxc5 Nbc6 7. Nf3 Bxc5 8. Bd3 a6 9. Qe2 b5 10. Bd2 Bb7 11. O-O-O Nb4 12. Kb1 Nxd3 13. Qxd3 Qb6 14. Ne2 Nc6 15. f5 a5 16. Nf4 Nd8 17. fxe6 fxe6 18. Ng5 Kd7 19. Nxh7 b4 20. Qg6 Kc8 21. Qxg7 Re8 22. Ng5 a4 23. Rc1 Ra7 24. Qg6 Re7 25. h4 Ba6 26. h5 a3 27. b3 Be3 28. Nxd5 exd5 29. Qxb6 Bxb6 30. h6 Nf7 31. h7 Nh8 32. e6 Bd4 33. Bxb4 Rg7 34. e7 Bb5 35. Ne6 Rg4 36. Nxd4 Rxd4 37. Bc3 1-0


[Site "https://www.chess.com"]

[Event "Titled Tuesday Blitz January 17 Early 2023"]
[White "Maximov, Dmitry"]
[Black "Yelisieiev, Yevhenii"]
[WhiteFideId "14105659"]
[BlackFideId "14139642"]
[WhiteElo "2497"]
[BlackElo "2418"]
[Result "1-0"]
[Round "10"]
[TimeControl "180+2"]
[Date "2023.01.17"]
[WhiteClock "0:00:05"]
[BlackClock "0:00:08"]

1. e4 d6 2. d4 Nf6 3. Nc3 e5 4. Nge2 c6 5. h3 Be7 6. g4 b5 7. a3 a5 8. Bg2 Ba6 9. Ng3 exd4 10. Nce2 O-O 11. O-O d5 12. exd5 Nxd5 13. Nxd4 Bb7 14. Ndf5 Bc5 15. Ne4 Qb6 16. Qf3 Nd7 17. g5 Ne5 18. Qg3 Ng6 19. h4 Rfe8 20. h5 Nge7 21. Nh6+ Kf8 22. g6 hxg6 23. hxg6 Nxg6 24. Nf5 Bc8 25. Nfd6 Bxd6 26. Nxd6 Re6 27. Bg5 Qc7 28. Nxc8 Rxc8 29. f4 Re3 30. Qg4 Rce8 31. Rad1 Qb6 32. Kh1 Re2 33. f5 Ne5 34. Qxe2 f6 35. Bd2 Nc4 36. Qh5 Kg8 37. Rde1 Re5 38. Rxe5 Nxe5 39. Qe8+ Kh7 40. Bxd5 cxd5 41. Rf4 g5 42. fxg6+ Nxg6 43. Qf7+ Kh6 44. Rxf6+ Kh5 45. Qxg6+ Kh4 46. Qg5+ Kh3 47. Rf3# 1-0


[Site "https://www.chess.com"]

[Event "Titled Tuesday Blitz January 17 Early 2023"]
[White "Borges Feria, Yasel"]
[Black "Omelja, Artem"]
[WhiteFideId "3504921"]
[BlackFideId "14119846"]
[WhiteElo "2439"]
[BlackElo "2446"]
[Result "0-1"]
[Round "10"]
[TimeControl "180+2"]
[Date "2023.01.17"]
[WhiteClock "0:00:16"]
[BlackClock "0:01:08"]

1. d4 Nf6 2. c4 e6 3. Nf3 d5 4. Nc3 c6 5. cxd5 exd5 6. Bg5 Be7 7. e3 O-O 8. Bd3 Re8 9. h3 Nbd7 10. Qc2 h6 11. Bf4 Nf8 12. O-O Bd6 13. Ne5 Qc7 14. Rac1 a6 15. Rfe1 N8d7 16. Nxd7 Bxd7 17. Ne2 Re7 18. a3 Rae8 19. Bxd6 Qxd6 20. b4 Ne4 21. Bxe4 Rxe4 22. Ng3 R4e6 23. Qc5 Qb8 24. a4 Rg6 25. Kh2 h5 26. f4 h4 27. Nf1 Bf5 28. b5 axb5 29. axb5 Be4 30. Re2 Qc8 31. bxc6 bxc6 32. Nd2 Qf5 33. Nxe4 Rxe4 34. Ra1 Rg3 35. Ra8+ Kh7 36. Qf8 Rgxe3 37. Qh8+ Kg6 38. Rf2 Rxf4 39. Rg8 Rxh3+ 40. Kg1 Qb1+ 0-1


[Site "https://www.chess.com"]

[Event "Titled Tuesday Blitz January 17 Early 2023"]
[White "Salimova, Nurgyul"]
[Black "Odegov, Artem"]
[WhiteFideId "2915138"]
[BlackFideId "34183644"]
[WhiteElo "2391"]
[BlackElo "2261"]
[Result "1-0"]
[Round "10"]
[TimeControl "180+2"]
[Date "2023.01.17"]
[WhiteClock "0:00:19"]
[BlackClock "0:00:06"]

1. e4 e6 2. d4 d5 3. Nc3 Bb4 4. e5 c5 5. a3 Bxc3+ 6. bxc3 Ne7 7. Qg4 cxd4 8. Qxg7 Rg8 9. Qxh7 Qc7 10. Ne2 Nbc6 11. f4 dxc3 12. h4 d4 13. h5 Bd7 14. Qd3 Nf5 15. h6 O-O-O 16. h7 Rh8 17. Rb1 Be8 18. g4 Nfe7 19. Bg2 Ng6 20. Be4 Kb8 21. a4 Ka8 22. Kf2 Qa5 23. Qb5 Qc7 24. Ba3 f5 25. Bd6 Qf7 26. gxf5 exf5 27. Bd5 Qg7 28. a5 a6 29. Qb6 Rxd6 30. exd6 Rxh7 31. Rxh7 Qxh7 32. Qc7 Qh2+ 33. Bg2 1-0


[Site "https://www.chess.com"]

[Event "Titled Tuesday Blitz January 17 Early 2023"]
[White "Aldokhin, Ivan"]
[Black "Rozman, Levy"]
[WhiteFideId "24115720"]
[BlackFideId "2039877"]
[WhiteElo "2413"]
[BlackElo "2322"]
[Result "0-1"]
[Round "10"]
[TimeControl "180+2"]
[Date "2023.01.17"]
[WhiteClock "0:00:11"]
[BlackClock "0:01:33"]

1. e4 e6 2. d4 d5 3. Nc3 dxe4 4. Nxe4 Nf6 5. Nxf6+ gxf6 6. Nf3 Nc6 7. g3 e5 8. Bg2 Bg4 9. h3 Bxf3 10. Bxf3 Qxd4 11. Qe2 O-O-O 12. c3 Qb6 13. b4 f5 14. Be3 Nd4 15. cxd4 Bxb4+ 16. Kf1 f4 17. gxf4 exd4 18. Bd2 d3 19. Qd1 Qd4 20. Bxb4 Qxb4 21. Rb1 Qc4 22. Bxb7+ Kd7 23. Qg4+ Kd6 24. Bf3 Rhg8 25. Qh5 d2+ 26. Be2 Qc1+ 27. Bd1 Qxb1 28. h4 Rde8 0-1


[Site "https://www.chess.com"]

[Event "Titled Tuesday Blitz January 17 Early 2023"]
[White "Lymar, Vladislav"]
[Black "Krivonosov, Oleg"]
[WhiteFideId "14162180"]
[BlackFideId "11600349"]
[WhiteElo "2119"]
[BlackElo "2359"]
[Result "1-0"]
[Round "10"]
[TimeControl "180+2"]
[Date "2023.01.17"]
[WhiteClock "0:01:09"]
[BlackClock "0:00:01"]

1. e4 e5 2. Nf3 Nc6 3. Nc3 Nf6 4. a3 g6 5. Nxe5 Nxe5 6. d4 Nc6 7. d5 Bg7 8. dxc6 bxc6 9. Bc4 O-O 10. O-O d6 11. Bg5 h6 12. Bh4 Be6 13. Bxe6 fxe6 14. e5 dxe5 15. Qe2 g5 16. Bg3 Nd5 17. Bxe5 Bxe5 18. Qxe5 Qd6 19. Qe4 Kg7 20. Ne2 Nf6 21. Qa4 Qe5 22. Nc3 Nd5 23. Rfe1 Nxc3 24. bxc3 Qxc3 25. Rad1 Rad8 26. Qxa7 Rxd1 27. Rxd1 Qxc2 28. Qd4+ Rf6 29. Ra1 e5 30. Qe3 Qb2 31. Rd1 Rd6 32. Re1 c5 33. Qxc5 Rf6 34. Qxc7+ Kg6 35. Qc5 e4 36. Qe3 Re6 37. a4 Qb4 38. Ra1 Ra6 39. a5 Rxa5 40. Re1 Re5 41. h3 Qd6 42. Rc1 1-0


[Site "https://www.chess.com"]